 Dungeon Crawl Stone Soup version 0.29.0-4-gdea44cf6ec (webtiles) character file.

Game seed: 2774222369466140469

1597 gelatine the Firebug (level 8, -1/60 HPs)
             Began as a Demonspawn Fire Elementalist on Aug 27, 2022.
             Was a Believer of Okawaru.
             Killed by divine providence
             ... invoked by an orc priest
              (11 damage)
             ... on level 6 of the Dungeon.
             The game lasted 00:18:22 (7357 turns).

gelatine the Firebug (Demonspawn Fire Elementalist) Turns: 7357, Time: 00:18:23

Health: -1/60      AC:  4    Str:  8    XL:     8   Next: 62%
Magic:  4/16       EV: 12    Int: 19    God:    Okawaru [**....]
Gold:   292        SH:  4    Dex: 14    Spells: 13/18 levels left

rFire   + . .      SeeInvis +   y - +0 rapier
rCold   x . .      Faith    .   (no shield)
rNeg    . . .      Spirit   .   z - +0 leather armour
rPois   .          Reflect  .   (no helmet)
rElec   .          Harm     .   (no cloak)
rCorr   .          Rampage  .   p - +0 pair of gloves
Will    .....                   (no boots)
Stlth   ++........              u - amulet of regeneration
HPRegen 1.00/turn               e - ring of see invisible
MPRegen 0.15/turn               w - ring of fire

@: no status effects
A: (demonic guardian 2), sturdy frame 2, condensation shield, weakness stinger 2
a: Renounce Religion, Heroism


You were on level 6 of the Dungeon.
You worshipped Okawaru.
Okawaru was pleased with you.
You visited 2 branches of the dungeon, and saw 7 of its levels.
You also visited: Ossuary.

You collected 292 gold pieces.

Inventory:

Hand Weapons
 g - a +0 long sword
 i - a +0 dagger
 y - a +0 rapier (weapon)
 F - a +2 flail
Missiles
 d - 9 boomerangs
 j - 6 curare-tipped darts
 x - 4 poisoned darts
Armour
 a - a +0 robe
 p - a +0 pair of gloves (worn)
 v - a scarf of harm
 z - a +0 leather armour (worn)
Magical Staves
 n - a staff of air
Jewellery
 e - a ring of see invisible (left hand)
 u - an amulet of regeneration (around neck)
 w - a ring of fire (right hand)
 G - an amulet of guardian spirit
Wands
 h - a wand of roots (15)
 C - a wand of mindburst (16)
Scrolls
 f - 4 scrolls of enchant armour {unknown}
 k - a scroll of vulnerability {unknown}
 l - 4 scrolls of fear {unknown}
 m - 4 scrolls of fog {unknown}
 s - 2 scrolls of noise {unknown}
 t - 3 scrolls of poison {unknown}
 B - a scroll of summoning {unknown}
 H - a scroll of amnesia {unknown}
Potions
 b - 2 potions of magic
 c - 2 potions of brilliance {unknown}
 o - a potion of resistance
 q - 3 potions of curing
 r - 3 potions of lignification
 A - a potion of heal wounds {unknown}
 D - a potion of flight {unknown}
 E - a potion of mutation {unknown}


   Skills:
 * Level 4.1 Fighting
 + Level 2.8 Long Blades
 + Level 0.2 Maces & Flails
 + Level 2.7 Dodging
 + Level 3.0 Stealth
 + Level 0.3 Shields
 + Level 5.8 Spellcasting
 + Level 1.8 Conjurations
 + Level 6.0 Fire Magic


You had 13 spell levels left.
You knew the following spells:

 Your Spells              Type           Power      Damage    Failure   Level
a - Foxfire               Conj/Fire      100%       2x1d9     2%          1
b - Scorch                Fire           84%        2d9       1%          2
c - Static Discharge      Conj/Air       9%         3-5/arc   12%         2

Your spell library contained the following spells:

 Spells                   Type           Power      Damage    Failure   Level
 Conjure Flame            Conj/Fire      30%        6-21      7%          3
 Inner Flame              Hex/Fire       25%        N/A       10%         3
 Blink                    Tloc           10%        N/A       17%         2
 Poisonous Vapours        Pois/Air       10%        N/A       17%         2
 Flame Wave               Conj/Fire      30%        2d9       22%         4
 Sticky Flame             Conj/Fire      30%        2d5       22%         4
 Corpse Rot               Necr/Pois/Air  5%         N/A       75%         4
 Dispel Undead            Necr           5%         3d7       75%         4
 Manifold Assault         Tloc           5%         N/A       97%         5
 Storm Form               Tmut/Air       2%         N/A       100%        7


Dungeon Overview and Level Annotations

Branches:
Dungeon (6/15)             Temple (1/1) D:4         Ossuary (visited)

Altars:
Ashenzari
Cheibriados
Dithmenos
Fedhas
Gozag
Hepliaklqana
Kikubaaqudgha
Makhleb
Nemelex Xobeh
Okawaru
Qazlal
Ru
Sif Muna
Trog
Uskayaw
Vehumet
Wu Jian
Xom
Yredelemnul

Annotations:
D:3 2 runed translucent doors, miserystealer's ghost, amateur DjGl


Innate Abilities, Weirdness & Mutations

((A demonic guardian rushes to your aid.))
Your movements are less encumbered by armour. (ER -4)
A meltable shield of frost defends you. (SH +4)
You have a tail ending in a sharp stinger.


Message History

Okawaru accepts your kill.
The foxfire hits the iguana.
The iguana is heavily wounded.
The orc priest mumbles some strange prayers to Beogh against you.
Beogh smites you!
You feel a surge of power!
You conjure some foxfire!
The iguana bites you!
The orc warrior unwields a +0 arbalest.
The orc warrior wields a +0 long sword.
The orc warrior barely misses you.
Casting: Foxfire (safe; 2% risk of failure)
Confirm with . or Enter, or press ? or * to list all spells.
You feel a surge of power!
Flames lash the iguana.
You kill the iguana!
Okawaru accepts your kill.
The foxfire hits the orc warrior.
The orc warrior is lightly wounded.
The orc warrior hits you with a +0 long sword!
The foxfire hits the orc warrior.
The orc warrior is lightly wounded.
Casting: Scorch (safe; 1% risk of failure)
Confirm with . or Enter, or press ? or * to list all spells.
You feel a surge of power!
Flames lash the orc priest.
The orc priest is almost dead.
The orc priest's fire resistance burns away.
The orc warrior hits you with a +0 long sword.
* * * LOW HITPOINT WARNING * * *
Casting: Scorch (safe; 1% risk of failure)
Confirm with . or Enter, or press ? or * to list all spells.
You feel a surge of power!
Flames lash the orc warrior.
The orc warrior is moderately wounded.
The orc warrior's fire resistance burns away.
You block the orc priest's attack.
The orc warrior hits you with a +0 long sword!
* * * LOW HITPOINT WARNING * * *
Aiming: Mindburst
Press: ? - help, Q - select action, (/) - cycle Shift-Dir - straight line, f - orc priest
Aim: an orc priest, wielding a +0 dagger (almost dead, more vulnerable to fire, chance to affect: 64%)
The orc priest struggles to resist.
The orc priest mumbles some strange prayers to Beogh against you.
Beogh smites you!
You die...

,,*,*,,,,,..#.#.#####..#....^....
*,,,,,*,,.#....,* #..##.........
,,,*,,,,*....#.#*###'###.........
*,,,,,*,,.#.....*#....##.########
,,*,*,,,,...#.#.##....##.#
,,,,,,,*,#.......#..<.#*,*
,*,,,*,,,..#...#......#*,********
,,,*,,,,*....#........#*,,,,,,,,,
,*,,,*,,,..#.ยงยง#@.....#*,,,,,,,,,
,,,,,,,*,#.....oo>....#*,,,,,,,,,
,,*,*,,,,...#.#.).....#*,,,,,,,,,
*,,,,,*,,.#.....#.....#*,,,,,,,,,
,,,*,,,,*....#.##.#####*,,,,,,,,,
*,,,,,*,,.#....*#+#* *,,,,,,,,,
,,*,*,,,*...#..,,,,* **********
*,,,,,,**#.....,,,,*
******,,,+,,,,,,,,,*


You could see an orc warrior (combustible) and an orc priest (combustible).

Vanquished Creatures
  Grinder (D:5)
  2 wraiths (Ossuary)
  Eustachio (D:5)
  Menkaure (D:5)
  2 sky beasts (D:6)
  A black bear (D:5)
  A phantom (D:5)
  A necrophage (D:5)
  3 wights (Ossuary)
  A gnoll bouda (D:5)
  2 iguanas (D:6)
  2 orc wizards (D:4)
  4 gnolls (D:5)
  3 adders
  A white imp (D:4)
  2 adder zombies (Ossuary)
  A worm (D:5)
  2 dart slugs (D:1)
  2 orcs
  6 bats (D:1)
  7 endoplasms
  A giant cockroach (D:2)
  5 goblins
  9 hobgoblins
  13 jackals
  5 quokkas
  6 ball pythons
  A ball python skeleton (Ossuary)
  3 frilled lizards
  A hobgoblin skeleton (Ossuary)
  A hobgoblin zombie (Ossuary)
  7 kobolds
  A kobold zombie (Ossuary)
  2 orc skeletons (Ossuary)
  An orc zombie (Ossuary)
  11 rats
113 creatures vanquished.

Vanquished Creatures (others)
  157 foxfires
157 creatures vanquished.

Grand Total: 270 creatures vanquished

Notes
Turn   | Place    | Note
-------+----------+-------------------------------------------
     0 | D:1      | gelatine the Demonspawn Fire Elementalist began the quest
                  | for the Orb.
     0 | D:1      | Reached XP level 1. HP: 13/13 MP: 3/3
   142 | D:1      | Reached skill level 3 in Fire Magic
   183 | D:1      | Gained mutation: You have a small tail. [demonic ancestry]
   183 | D:1      | Reached XP level 2. HP: 19/19 MP: 3/5
   422 | D:1      | Learned a level 2 spell: Scorch
   794 | D:1      | Gained mutation: Your movements are slightly less
                  | encumbered by armour. (ER -2) [demonic ancestry]
   794 | D:1      | Reached XP level 3. HP: 10/24 MP: 2/6
  1981 | D:2      | Found a faded altar of an unknown god.
  1983 | D:2      | Prayed at the altar of an unknown god.
  1983 | D:2      | Became a worshipper of Warmaster Okawaru
  1983 | D:2      | Reached * piety under Okawaru
  2768 | D:3      | Gained mutation: You have a tail ending in a sharp stinger.
                  | [demonic ancestry]
  2768 | D:3      | Reached XP level 4. HP: 31/31 MP: 4/7
  2930 | D:3      | Found a large runed translucent door.
  2930 | D:3      | Found a large runed translucent door.
  2932 | D:3      | Noticed miserystealer's ghost (amateur DjGl)
  3230 | D:4      | Found a staircase to the Ecumenical Temple.
  3253 | Temple   | Entered the Ecumenical Temple
  3515 | D:4      | Found a shadowy altar of Dithmenos.
  3568 | D:4      | Reached skill level 1 in Fighting
  3583 | D:4      | Reached skill level 1 in Long Blades
  4187 | D:4      | Gained mutation: A meltable shield of frost defends you.
                  | (SH +4) [demonic ancestry]
  4187 | D:4      | Reached XP level 5. HP: 31/37 MP: 9/9
  4663 | D:4      | Found an iron altar of Okawaru.
  4801 | D:5      | Entered Level 5 of the Dungeon
  4850 | D:5      | Noticed Menkaure
  4859 | D:5      | Killed Menkaure
  4860 | D:5      | Reached skill level 4 in Fire Magic
  4860 | D:5      | Gained mutation: A weak demonic guardian rushes to your
                  | aid. [demonic ancestry]
  4860 | D:5      | Reached XP level 6. HP: 15/44 MP: 3/10
  5487 | D:5      | Noticed Grinder
  5502 | D:5      | Killed Grinder
  5502 | D:5      | Reached ** piety under Okawaru
  5760 | D:5      | Gained mutation: A demonic guardian rushes to your aid.
                  | [demonic ancestry]
  5760 | D:5      | Reached XP level 7. HP: 41/51 MP: 6/12
  5891 | D:5      | Noticed Eustachio
  5926 | D:5      | Killed Eustachio
  6161 | D:5      | Reached skill level 5 in Fire Magic
  6578 | D:6      | Learned a level 2 spell: Static Discharge
  6600 | D:6      | Found a sand-covered staircase.
  6605 | Ossuary  | Entered an ossuary
  6682 | Ossuary  | Gained mutation: Your movements are less encumbered by
                  | armour. (ER -4) [demonic ancestry]
  6682 | Ossuary  | Reached XP level 8. HP: 58/58 MP: 11/14
  6906 | Ossuary  | Noticed a flying skull
  6924 | Ossuary  | Noticed a flying skull
  6939 | Ossuary  | Noticed a flying skull
  7045 | Ossuary  | Reached skill level 5 in Spellcasting
  7182 | Ossuary  | Noticed a flying skull
  7298 | D:6      | Reached skill level 6 in Fire Magic
  7357 | D:6      | Killed from afar by an orc priest

Illustrated notes

Levels and vault maps discovered:
D:1:      co_arrival_square_in_a_square_in_a_square, layout_loops_cross
D:2:      layout_loops_corners, chequers_ecumenical_altar_twisty
D:3:      layout_loops_ring, ebering_ghost_disaster_area
D:4:      layout_basic, mainiacjoe_overflow_swirl, minmay_temple_entry_trees,
          st_stairs_2
D:5:      layout_basic, uniq_eustachio, uniq_menkaure, uniq_grinder
D:6:      layout_basic, enter_ossuary_5, nicolae_kite_square_tiling_tiny
Temple:   nicolae_temple_slightly_damp_pantheon

Skill      XL: |  1  2  3  4  5  6  7  8 |
---------------+-------------------------+-----
Fire Magic     | 3 4 5 6 |  6.0
Stealth        | 2 3 |  3.0
Fighting       | 1 2 3 4 |  4.1
Long Blades    | 1 2 |  2.8
Dodging        | 2 |  2.7
Spellcasting   | 3 4 5 |  5.8
Maces & Flails | |  0.2
Shields        | |  0.3
Conjurations   | |  1.8

Action                   |  1- 3 |  4- 6 |  7- 9 || total
-------------------------+-------+-------+-------++-------
Melee: Mace              |    13 |       |       ||    13
       Long sword        |    21 |    63 |    18 ||   102
       Tailslap          |     1 |     9 |     2 ||    12
       Rapier            |       |       |     6 ||     6
       Punch             |       |       |     1 ||     1
 Cast: Foxfire           |    75 |    10 |     9 ||    94
       Scorch            |     5 |    21 |    59 ||    85
Invok: Heroism           |       |     1 |     2 ||     3
Evoke: Wand              |       |       |     1 ||     1
  Use: Scroll            |       |     7 |     1 ||     8
       Potion            |       |       |     1 ||     1
 Stab: Sleeping          |     2 |     4 |       ||     6
Armor: Robe              |    13 |    14 |     3 ||    30
       Leather armour    |       |       |     5 ||     5
Dodge: Dodged            |    36 |    50 |    36 ||   122
Block: Other             |       |     6 |     8 ||    14
